 Dungeon Crawl Stone Soup version 0.30.0-30-g96aa6591b8 (webtiles) character file.

Game seed: 1472726180320403374

65 Chiseanne the Sneak (level 4, 0/46 HPs)
             Began as an Octopode Delver on June 28, 2023.
             Succumbed to a scorpion's poison
             ... on level 5 of the Dungeon.
             The game lasted 00:00:35 (100 turns).

Chiseanne the Sneak (Octopode Delver)                Turns: 100, Time: 00:00:35

Health: 0/46       AC: 22    Str: 13    XL:     4   Next: 13%
Magic:  4/4        EV:  2    Int: 12    God:
Gold:   18         SH:  0    Dex: 13    Spells: 3/3 levels left

rFire   . . .        a - +0 short sword
rCold   . . .        (no shield)
rNeg    . . .        (helmet currently unavailable)
rPois   +            (no amulet)
rElec   .            (no ring)
rCorr   .            (no ring)
SInv    .            (no ring)
Will    .....        (no ring)
Stlth   +++          (no ring)
HPRegen 0.27/turn    (no ring)
MPRegen 0.09/turn    (no ring)
                     (no ring)

%: no passive effects
@: lethally poisoned (0 -> -7), tree-form
A: stationary, stasis, torment immunity, boosted hp, almost no armour,
(amphibious), 8 rings, (camouflage 1), (gelatinous body 1), (nimble swimmer 1),
(tentacles)
a: no special abilities


You were on level 5 of the Dungeon.
You were a tree.
You visited 1 branch of the dungeon, and saw 1 of its levels.

You collected 18 gold pieces.

Inventory:

Hand Weapons
 a - a +0 short sword (weapon)
Wands
 f - a wand of digging (3)
Scrolls
 b - a scroll of fog
 c - a scroll of magic mapping
 d - a scroll of fear
 h - a scroll of immolation {unknown}
 j - a scroll of identify {unknown}
Potions
 e - a potion of haste
 i - a potion of attraction {unknown}


   Skills:
 + Level 3.5 Fighting
 + Level 2.7 Short Blades
 + Level 2.7 Dodging
 + Level 7.1 Stealth


You had 3 spell levels left.
You didn't know any spells.
Your spell library contained the following spells:

 Spells                   Type           Power      Damage    Failure   Level
 Dazzling Flash           Conj/Hex       0%         N/A       69%         3
 Volatile Blastmotes      Fire/Tloc      0%         2d10      69%         3
 Iskenderun's Mystic Bla  Conj/Tloc      0%         2d3       97%         4
 Starburst                Conj/Fire      0%         6d3       100%        6


Dungeon Overview and Level Annotations

Branches:
Dungeon (5/15)
 Temple: D:4-7

Altars:


Innate Abilities, Weirdness & Mutations

You are a tree.
Your roots penetrate the ground, keeping you stationary.
You cannot be teleported.
You are immune to unholy pain and torment.
Your maximum health is greatly increased.
You cannot wear most types of armour.
((You are amphibious.))
You can wear up to eight rings at the same time.
((Your skin changes colour to match your surroundings (Stealth+).))
((Your rubbery body absorbs attacks. (AC +1, EV +1)))
((You are camouflaged when in or above water. (Stealth+)))
((You have tentacles for arms and can constrict up to eight enemies at once.))


Message History

A scorpion comes into view.
Found 7 gold pieces.
The scorpion moves out of view.
A phantom comes into view.
Found a scroll of fear.
You hit the scorpion. Your grab misses the scorpion.
Your squeeze misses the scorpion.
The scorpion is moderately wounded.
The scorpion stings you.
You are poisoned.
The scorpion poisons you!
You hit the scorpion. You grab the scorpion.
The scorpion is moderately wounded.
You constrict the scorpion.
You feel very sick. The scorpion closely misses you.
You hit the scorpion. You squeeze the scorpion.
The scorpion is severely wounded.
You constrict the scorpion.
You feel sick. The scorpion stings you!
* * * LOW HITPOINT WARNING * * *
You are more poisoned.
The scorpion poisons you!
You hit the scorpion but do no damage. You squeeze the scorpion.
The scorpion is almost dead.
You constrict the scorpion.
You kill the scorpion!
* * * LOW HITPOINT WARNING * * *
You feel very sick.
Your Stealth skill increases to level 7!
You have reached level 3!
Your experience leads to an increase in your attributes!
Increase (s)trength, (i)ntelligence, or (d)exterity?
You feel stronger. x2
You have reached level 4!
* * * LOW HITPOINT WARNING * * *
You feel very sick.
* * * LOW HITPOINT WARNING * * *
You feel sick.
It was a potion of lignification.
You turn into a tree.
Your roots penetrate the ground.
You die...

...##.#.#...#..#####....##...##
..........###...##......#.....##
.....###.####.##..####.........
..?. #...##..##.## #........
#.##...#...##..#####........
#....###...#................
##...##....##..........>.....
##...###......................
#............♣................
.......##.......<.............#..
....... #.....................##.
.......###..^..................##
..............................#..
...#####..####......####......##.
#.. ##. #<.......# ....#
...............# ...
..####.............


There were no monsters in sight!

Vanquished Creatures
  A scorpion (D:5)
  An adder (D:5)
2 creatures vanquished.

Notes
Turn   | Place    | Note
-------+----------+-------------------------------------------
     0 | D:5      | Chiseanne the Octopode Delver began the quest for the Orb.
     0 | D:5      | Reached XP level 1. HP: 16/16 MP: 1/1
    63 | D:5      | Reached XP level 2. HP: 21/21 MP: 2/2
    69 | D:5      | Noticed a scorpion
    71 | D:5      | Noticed a phantom
    97 | D:5      | Killed a scorpion
    98 | D:5      | Reached skill level 7 in Stealth
    98 | D:5      | Reached XP level 3. HP: 5/26 MP: 3/3
    98 | D:5      | Reached XP level 4. HP: 5/31 MP: 4/4
    99 | D:5      | HP: 1/31 [poisoned by a scorpion]
   100 | D:5      | Succumbed to a scorpion's poison

Illustrated notes

Levels and vault maps discovered:
D:5:      layout_cave_pools, mainiacjoe_overflow_small_starburst,
          uniq_prince_ribbit1

Skill      XL: |  1  2 |
---------------+-------+-----
Stealth        | 7 |  7.1
Fighting       | |  3.5
Short Blades   | |  2.7
Dodging        | |  2.7

Action                     |  1- 3 |  4- 6 || total
---------------------------+-------+-------++-------
  Melee: Short sword       |     5 |       ||     5
         Tentacles         |     2 |       ||     2
         Constrict         |     1 |       ||     1
    Use: Potion            |       |     1 ||     1
   Stab: Sleeping          |     1 |       ||     1
  Dodge: Dodged            |     1 |       ||     1
